 Dungeon Crawl Stone Soup version 0.17.1-3-g152610e (webtiles) character file.

77140 Gargoyl the Protected (level 15, -8/115 HPs)
             Began as a Demonspawn Abyssal Knight on Apr 1, 2016.
             Was the Champion of Lugonu.
             Mangled by a sixfirhy (9 damage)
             ... summoned by an orc high priest
             ... on level 4 of the Orcish Mines on Apr 4, 2016.
             The game lasted 02:03:50 (34640 turns).

Gargoyl the Protected (Demonspawn Abyssal Knight)  Turns: 34640, Time: 02:03:50

Health: -8/115     AC: 27    Str: 18    XL:     15   Next: 14%
Magic:  20/20      EV: 10    Int: 15    God:    Lugonu [******]
Gold:   1970       SH: 19    Dex: 12    Spells: 0 memorised, 14 levels left

rFire  . . .     SeeInvis +     r - +1 broad axe (flame)
rCold  + . .     Clarity  .     e - +0 plate armour
rNeg   + . .     SustAt   .     w - +1 large shield
rPois  +         Gourm    .     (helmet unavailable)
rElec  .         Spirit   .     y - +1 cloak of Tutits {+Fly rPois rN+ Regen+}
rCorr  +         Warding  .     o - +0 pair of gloves
rMut   .         Stasis   .     Y - +2 pair of boots
MR     ++...                    l - amulet of resist corrosion
Stlth  ..........               g - +4 ring of evasion
                                p - ring of protection from magic

@: about to teleport, very resistant to hostile enchantments, extremely
unstealthy
A: antennae 3, slimy green scales 3, cold resistance 1, foul stench 1, rot
immunity, freezing cloud immunity
a: Depart the Abyss, Bend Space, Banish, Corrupt, Enter the Abyss, Brand Weapon
With Distortion, Renounce Religion, Evoke Flight


You were on level 4 of the Orcish Mines.
You worshipped Lugonu.
Lugonu was exalted by your worship.
You were not hungry.

You visited 3 branches of the dungeon, and saw 23 of its levels.
You visited the Abyss 1 time.

You collected 1970 gold pieces.

Inventory:

Hand Weapons
 r - a +1 broad axe of flaming (weapon)
 G - a +0 broad axe
 W - a +0 broad axe
Missiles
 Q - a javelin (quivered)
Armour
 e - a +0 plate armour (worn)
 o - a +0 pair of gloves (worn)
 w - a +1 large shield (worn)
 y - the +1 cloak of Tutits (worn) {+Fly rPois rN+ Regen+}
   (You found it on level 7 of the Lair of Beasts)

   It protects you from poison.
   It protects you from negative energy.
   It lets you fly.
   It increases your rate of regeneration.
 Y - a +2 pair of boots (worn)
Jewellery
 d - an uncursed ring of poison resistance
 g - a +4 ring of evasion (right hand)
 h - a cursed ring of see invisible
 l - an amulet of resist corrosion (around neck)
 p - a ring of protection from magic (left hand)
 u - an uncursed ring of protection from cold
 x - an uncursed ring of protection from fire
 M - an uncursed ring of flight
 X - an uncursed amulet of clarity
Wands
 a - a wand of cold (7)
 m - a wand of disintegration (18)
 t - a wand of paralysis (16)
 z - a wand of random effects (24)
 C - a wand of enslavement (7)
Scrolls
 c - 2 scrolls of amnesia
 i - 11 scrolls of identify
 q - 11 scrolls of remove curse
 F - a scroll of magic mapping
Potions
 b - 3 potions of invisibility
 k - a potion of flight
 n - a potion of cancellation
 v - 2 potions of brilliance
 A - a potion of magic
 S - a potion of agility
Miscellaneous
 s - a sack of spiders
 R - a phial of floods
Comestibles
 f - 5 meat rations
 j - 2 bread rations
 B - a beef jerky
 E - 5 chunks of flesh


   Skills:
 + Level 10.2 Fighting
 + Level 12.0 Axes
 + Level 1.8 Throwing
 * Level 13.5 Armour
 + Level 4.7 Dodging
 + Level 1.0 Stealth
 + Level 13.1 Shields
 + Level 6.7 Invocations


You had 14 spell levels left.
You didn't know any spells.

Dungeon Overview and Level Annotations

Branches:
Dungeon (11/15)            Temple (0/1) D:5            Lair (8/8) D:11
 Shoals (0/4) Lair:4        Snake (0/4) Lair:6        Slime (0/6) Lair:6
    Orc (4/4) D:11
    Elf: Orc:3-4

Altars:
Ashenzari
Makhleb
Nemelex Xobeh
Okawaru
Qazlal
Xom
The Shining One
Beogh

Shops:
D:6 *   D:7 :   D:9 %   D:10 :   Orc:4 ?*

Portals:
Hell: Lair:8

Annotations:
Lair:6 corrupted
Abyss:1 Josephine, Saint Roka


Innate Abilities, Weirdness & Mutations

You have a pair of large antennae on your head (SInv).
You are completely covered in slimy green scales (AC +4, rPois).
Your flesh is cold resistant.
You may emit foul miasma when damaged in melee.
You are immune to rotting.
You are immune to freezing clouds.


Message History

You hit the sixfirhy. You burn the sixfirhy.
The sixfirhy is lightly wounded.
You block the sixfirhy's attack. The sixfirhy closely misses you.
You block the orc high priest's attack.
Unknown command.
The sixfirhy hits you!
* * * LOW HITPOINT WARNING * * *
The sixfirhy shocks you!
* * * LOW HITPOINT WARNING * * *
The sixfirhy hits you but does no damage. x2
The sixfirhy hits you but does no damage.
Drink which item? (? for menu, Esc to quit)
Okay, then.
Read which item? (? for menu, Esc to quit)
As you read the scroll of teleportation, it crumbles to dust.
You feel strangely unstable. You block the sixfirhy's attack.
The sixfirhy hits you!
* * * LOW HITPOINT WARNING * * *
The sixfirhy shocks you!
You die...

)'.# * #### .#.######+######..###
##.#(..##.##...#..'.#
.#.#...##.##...#.(#.###...#
.'.##)###.###)#####.##.... ....
.#.....)....#.......##...##.....
##....##)##.#....#####... .....#
.#....#...#.#....#..##..##.....#
.'....#...#..[..@'..#...#......##
.####)#####.####4#..#.........##.
##...)).....#(.#.# ##........##..
##.####.....#.[).####.8...8...8..
'..#..#..⌠..#..#)o.[)..).........
##.)..#.....####.####38...8...8..
##.#..#.......)..####).......##..
.#.####.#####[####..#....(....##
)'......#...#....)..#...#.()...#


You could see an orc high priest and a sixfirhy.

Vanquished Creatures
  Harold (Lair:3)
  9 hydras
  A catoblepas (Lair:6)
  13 death yaks
  Nergalle (Lair:4)
  4 orc knights (Orc:4)
  A hill giant (D:11)
  3 orc sorcerers (Orc:4)
  A wizard (Lair:8)
  18 elephants
  An oklob plant (Lair:2)
  A cyclops (D:11)
  3 griffons
  8 orange demons
  5 black mambas
  Psyche (D:9)
  A gargoyle (D:11)
  A naga mage (Lair:6)
  18 spiny frogs
  6 komodo dragons
  A hellwing (Lair:8)
  5 two-headed ogres
  3 fire drakes
  4 polar bears
  3 trolls
  The ghost of jesusflecha the Poker, an amateur MfGl of Makhleb (D:3)
  Prince Ribbit (D:6)
  23 blink frogs
  A wyvern (Lair:8)
  A water elemental (D:11)
  A deep elf mage (D:10)
  A spriggan (D:7)
  4 wraiths (Lair:4)
  28 yaks
  A hungry ghost (D:11)
  5 basilisks
  6 hippogriffs
  2 wargs
  16 wolves
  A hell hound (Lair:8)
  22 water moccasins
  14 porcupines
  3 black bears
  A sky beast (D:9)
  2 wasps (D:9)
  32 orc warriors
  An eye of draining (D:11)
  2 ice beasts
  A phantom (D:5)
  26 crocodiles
  7 centaurs
  16 giant frogs
  2 ogres
  Blork the orc (D:6)
  A scorpion (D:7)
  3 wights (D:7)
  A quasit (D:6)
  An electric eel (D:11)
  4 crimson imps
  2 giant frog skeletons
  2 centaur skeletons (D:11)
  2 giant frog zombies
  6 jellies
  27 orc priests
  21 orc wizards
  7 hounds
  8 iguanas
  3 worker ants
  Natasha (thrice) (D:3)
  A killer bee zombie (D:9)
  38 sheep
  2 hound zombies
  A hound skeleton (D:6)
  13 adders
  62 river rats
  4 gnolls (D:5)
  2 shadow imps
  7 oozes
  3 adder zombies
  An adder skeleton (D:8)
  4 worms
  3 giant geckos
  168 orcs
  5 ball pythons
  13 bats
  5 giant cockroaches
  7 hobgoblins
  6 kobolds
  8 giant newts
  11 goblins
  10 jackals
  A jackal zombie (D:6)
  10 quokkas
  4 rats
  11 fungi
  4 plants
830 creatures vanquished.

Vanquished Creatures (others)
  A hydra (D:11)
  The ghost of Zeloya the Cruncher, a journeyman KoGl of Ru (D:10)
  2 death yaks (Lair:6)
  A sun demon (Lair:8)
  An ugly thing (D:11)
  A black mamba (Lair:1)
  A komodo dragon (Lair:6)
  2 spiny frogs
  A blue devil (Lair:8)
  A blink frog (Lair:7)
  An orc warrior (D:6)
  2 electric eels (D:11)
  2 bushes
  34 fungi
  20 plants
71 creatures vanquished.

Grand Total: 901 creatures vanquished

Notes
Turn   | Place    | Note
--------------------------------------------------------------
     0 | Abyss:1  | Gargoyl the Demonspawn Abyssal Knight began the quest for the Orb.
     0 | Abyss:1  | Reached XP level 1. HP: 18/18 MP: 2/2
    51 | Abyss:1  | Noticed a worldbinder
    53 | Abyss:1  | Noticed a merfolk
    55 | Abyss:1  | Noticed a large abomination
    59 | Abyss:1  | Noticed an ice devil
    60 | D:1      | Escaped the Abyss
   356 | D:1      | Gained mutation: Your flesh is cold resistant. [demonic ancestry]
   356 | D:1      | Reached XP level 2. HP: 21/24 MP: 4/4
   456 | D:1      | Reached * piety under Lugonu
   573 | D:1      | Reached skill level 1 in Dodging
   768 | D:1      | Gained mutation: You have a pair of small antennae on your head. [demonic ancestry]
   768 | D:1      | Reached XP level 3. HP: 25/29 MP: 5/5
  2093 | D:2      | Gained mutation: You are immune to rotting. [demonic ancestry]
  2093 | D:2      | Reached XP level 4. HP: 35/37 MP: 6/6
  2154 | D:2      | Reached ** piety under Lugonu
  2605 | D:3      | Noticed jesusflecha's ghost (amateur MfGl)
  2790 | D:3      | Gained mutation: You have supernaturally acute eyesight. [potion of mutation]
  2790 | D:3      | Gained mutation: You passively map a small area around you. [potion of mutation]
  2790 | D:3      | Gained mutation: You can spit weak poison. [potion of mutation]
  3094 | D:2      | Gained mutation: You can translocate small distances at will. [potion of mutation]
  3094 | D:2      | Gained mutation: Your muscles are strong. (Str +2) [potion of mutation]
  3136 | D:3      | Noticed Natasha
  3144 | D:3      | Killed Natasha
  3782 | D:4      | Gained mutation: You are partially covered in slimy green scales (AC +2). [demonic ancestry]
  3782 | D:4      | Reached XP level 5. HP: 13/42 MP: 7/7
  4536 | D:4      | Reached skill level 4 in Armour
  4553 | D:4      | Gained mutation: You can spit poison. [potion of mutation]
  4553 | D:4      | Gained mutation: You have very sharp teeth. [potion of mutation]
  4553 | D:4      | Lost mutation: Your muscles are strong. (Str +2) [potion of mutation]
  4709 | D:5      | Entered Level 5 of the Dungeon
  4885 | D:5      | Gained mutation: You are mostly covered in slimy green scales (AC +3). [demonic ancestry]
  4885 | D:5      | Reached XP level 6. HP: 48/48 MP: 8/8
  5729 | D:5      | Noticed an ice beast
  5753 | D:5      | Killed an ice beast
  5753 | D:5      | Reached skill level 5 in Armour
  5768 | D:5      | Noticed a phantom
  6072 | D:5      | Reached XP level 7. HP: 38/54 MP: 9/9
  6182 | D:5      | Found a staircase to the Ecumenical Temple.
  6295 | D:5      | Killed a phantom
  6628 | D:3      | Killed jesusflecha's ghost
  6628 | D:3      | Reached skill level 6 in Armour
  6628 | D:3      | Reached skill level 1 in Shields
  6716 | D:3      | Noticed Natasha
  6727 | D:3      | Killed Natasha
  6913 | D:3      | Noticed Natasha
  6920 | D:3      | Killed Natasha
  7102 | D:6      | Reached *** piety under Lugonu
  7129 | D:6      | Found Ytal's Elemental Accessories.
  7188 | D:6      | Reached XP level 8. HP: 29/61 MP: 10/10
  7706 | D:6      | Noticed Prince Ribbit
  8297 | D:6      | Killed Prince Ribbit
  8477 | D:6      | Noticed Blork the orc
  8503 | D:6      | Killed Blork the orc
  8503 | D:6      | Reached skill level 5 in Fighting
  8960 | D:7      | Reached skill level 7 in Armour
  9066 | D:7      | Found an iron altar of Okawaru.
  9096 | D:7      | Found a shattered altar of Ashenzari.
  9169 | D:7      | Found a sparkling altar of Nemelex Xobeh.
  9303 | D:7      | Reached XP level 9. HP: 59/68 MP: 11/11
  9330 | D:7      | Found Vakygaz's Book Shop.
  9439 | D:7      | Found a shimmering altar of Xom.
  9649 | D:8      | Reached skill level 5 in Axes
 10446 | D:8      | Found a sparkling altar of Nemelex Xobeh.
 10839 | D:9      | Found a stormy altar of Qazlal.
 10840 | D:9      | Found a glowing golden altar of the Shining One.
 10900 | D:9      | Reached skill level 8 in Armour
 10900 | D:9      | Reached skill level 5 in Shields
 10921 | D:9      | Reached **** piety under Lugonu
 11019 | D:9      | Lost mutation: You can translocate small distances at will. [mutagenic meat]
 11020 | D:9      | Gained mutation: You are dopey. (Int -2) [mutagenic meat]
 11021 | D:9      | Gained mutation: Your spells are a little harder to cast, but a little more powerful. [mutagenic meat]
 11172 | D:9      | Found Cylif's Food Emporium.
 11425 | D:9      | Noticed Psyche
 11432 | D:9      | Paralysed by Psyche for 4 turns
 11474 | D:9      | Killed Psyche
 11748 | D:9      | Gained mutation: You have a pair of antennae on your head. [demonic ancestry]
 11748 | D:9      | Reached XP level 10. HP: 74/76 MP: 12/12
 12004 | D:10     | Entered Level 10 of the Dungeon
 12241 | D:10     | Noticed Zeloya's ghost (journeyman KoGl)
 12296 | D:11     | Noticed an eight-headed hydra
 12302 | D:11     | Banished an eight-headed hydra
 12702 | D:10     | Found Xutteisoe's Book Shop.
 12821 | D:10     | Banished Zeloya's ghost
 12821 | D:10     | Reached skill level 9 in Armour
 14100 | D:11     | Noticed an eight-headed hydra
 14430 | D:11     | Reached skill level 5 in Invocations
 14459 | D:11     | Noticed a cyclops
 14484 | D:11     | Killed a cyclops
 14484 | D:11     | Reached skill level 1 in Throwing
 15091 | D:11     | Noticed a hill giant
 15112 | D:11     | Killed a hill giant
 15431 | D:11     | Noticed a white ugly thing
 15439 | D:11     | Banished a white ugly thing
 15680 | D:11     | Killed a one-headed hydra
 15680 | D:11     | Gained mutation: You are immune to freezing clouds. [demonic ancestry]
 15680 | D:11     | Reached XP level 11. HP: 41/81 MP: 15/15
 15953 | D:11     | Found a staircase to the Lair.
 16006 | D:11     | Found a staircase to the Orcish Mines.
 16500 | D:11     | Reached skill level 10 in Armour
 17397 | Orc:1    | Entered Level 1 of the Orcish Mines
 18680 | Orc:1    | Reached ***** piety under Lugonu
 18860 | Orc:4    | Entered Level 4 of the Orcish Mines
 19309 | Lair:1   | Entered Level 1 of the Lair of Beasts
 20653 | Lair:1   | Gained mutation: You may emit foul miasma when damaged in melee. [demonic ancestry]
 20653 | Lair:1   | Reached XP level 12. HP: 79/91 MP: 16/16
 21738 | Lair:2   | Noticed a five-headed hydra
 21753 | Lair:2   | Killed a one-headed hydra
 21915 | Lair:2   | Reached ****** piety under Lugonu
 22034 | Lair:2   | Reached skill level 11 in Armour
 22567 | Lair:3   | Reached skill level 10 in Shields
 22600 | Lair:3   | Noticed Harold
 22623 | Lair:3   | Killed Harold
 23365 | Lair:3   | Noticed a seven-headed hydra
 23383 | Lair:3   | Killed a one-headed hydra
 23555 | Lair:4   | Noticed Josephine
 23567 | Lair:4   | Banished Josephine
 23846 | Lair:4   | Found a staircase to the Shoals.
 23884 | Lair:4   | Gained mutation: You have a pair of large antennae on your head (SInv). [demonic ancestry]
 23884 | Lair:4   | Reached XP level 13. HP: 75/98 MP: 17/17
 24743 | Lair:4   | Noticed Nergalle
 24797 | Lair:4   | Killed Nergalle
 25786 | Lair:4   | Reached skill level 10 in Axes
 25831 | Lair:4   | Reached skill level 12 in Armour
 27867 | Lair:6   | Found a staircase to the Slime Pits.
 28091 | Lair:6   | Found a staircase to the Snake Pit.
 29269 | Lair:6   | Gained mutation: You are completely covered in slimy green scales (AC +4, rPois). [demonic ancestry]
 29269 | Lair:6   | Reached XP level 14. HP: 23/108 MP: 10/18
 29273 | Lair:6   | Corrupted Lair:6
 29277 | Lair:6   | Noticed a bone dragon
 29279 | Lair:6   | Noticed a hellephant
 29280 | Lair:6   | Noticed a tentacled starspawn
 30417 | Lair:7   | Got a dazzling cloak
 30428 | Lair:7   | Identified the +1 cloak of Tutits {+Fly rPois rN+ Regen+} (You found it on level 7 of the Lair of Beasts)
 30701 | Lair:8   | Entered Level 8 of the Lair of Beasts
 30908 | Lair:8   | Reached skill level 13 in Armour
 31497 | Lair:8   | Found a burning altar of Makhleb.
 31619 | Lair:8   | Lost mutation: You have supernaturally acute eyesight. [potion of cure mutation]
 31619 | Lair:8   | Lost mutation: You can spit poison. [potion of cure mutation]
 31619 | Lair:8   | Lost mutation: You are dopey. (Int -2) [potion of cure mutation]
 31619 | Lair:8   | Lost mutation: You can spit weak poison. [potion of cure mutation]
 31620 | Lair:8   | Lost mutation: Your spells are a little harder to cast, but a little more powerful. [potion of cure mutation]
 31620 | Lair:8   | Lost mutation: You have very sharp teeth. [potion of cure mutation]
 31620 | Lair:8   | Lost mutation: You passively map a small area around you. [potion of cure mutation]
 31933 | Lair:7   | Reached skill level 1 in Stealth
 32422 | Lair:8   | Reached skill level 10 in Fighting
 32821 | Lair:8   | Found a gateway to Hell.
 33359 | Orc:4    | Paralysed by an orc sorcerer for 5 turns
 33829 | Orc:4    | Found a roughly hewn altar of Beogh.
 33888 | Orc:4    | Found Fiema's Magic Scroll Boutique.
 33903 | Orc:4    | Reached XP level 15. HP: 69/115 MP: 20/20
 34030 | Orc:4    | Found Zonaeca's General Store.
 34333 | Orc:4    | Noticed Saint Roka
 34538 | Orc:4    | Banished Saint Roka
 34606 | Orc:4    | Noticed an orc high priest
 34636 | Orc:4    | HP: 5/115 [sixfirhy[an orc high priest] (8)]
 34640 | Orc:4    | HP: 1/115 [sixfirhy[an orc high priest] (7)]
 34640 | Orc:4    | Mangled by a sixfirhy

Action                   |  1- 3 |  4- 6 |  7- 9 | 10-12 | 13-15 || total
-------------------------+-------+-------+-------+-------+-------++-------
Melee: Hand axe          |   208 |   393 |   709 |    92 |       ||  1402
       Broad axe         |       |       |       |  1001 |  1397 ||  2398
Throw: Javelin           |       |       |     5 |    10 |       ||    15
       Tomahawk          |       |       |       |     4 |       ||     4
Invok: Depart the Abyss  |     1 |       |       |       |       ||     1
       Banish            |       |       |     1 |    16 |     8 ||    25
       Bend Space        |       |       |       |     1 |     2 ||     3
       Corrupt           |       |       |       |       |     1 ||     1
 Abil: Spit Poison       |       |     7 |    73 |    99 |    61 ||   240
  Use: Potion            |       |     7 |     9 |     8 |    16 ||    40
       Scroll            |       |    11 |     7 |    12 |    16 ||    46
 Stab: Invisible         |       |     3 |       |       |       ||     3
       Distracted        |       |       |       |       |     1 ||     1
  Eat: Chunk             |     4 |     9 |     8 |    25 |    18 ||    64
       Royal jelly       |       |     1 |     1 |     1 |     2 ||     5
       Bread ration      |       |     1 |     3 |     4 |     4 ||    12
       Fruit             |       |       |     5 |     7 |       ||    12
       Meat ration       |       |       |       |     1 |       ||     1
       Beef jerky        |       |       |       |     1 |     4 ||     5
